 Dungeon Crawl Stone Soup version 0.31.0-4-g52a2dc7128 (webtiles) character file.

Game seed: 9786746147786039770

553 MollyMolluskus the Ruffian (level 7, -2/48 HPs)
             Began as an Octopode Fighter on Jan 21, 2024.
             Slain by an orc wizard
             ... wielding a +2 dagger of freezing
              (6 damage)
             ... on level 5 of the Dungeon.
             The game lasted 00:14:45 (3812 turns).

MollyMolluskus the Ruffian (Octopode Fighter)       Turns: 3812, Time: 00:14:45

Health: -2/48      AC:  1    Str: 17    XL:     7   Next: 29%
Magic:  7/7        EV: 13    Int: 11    God:
Gold:   204        SH:  4    Dex: 11    Spells: 6/6 levels left

rFire   . .          .
                       - Unarmed
rCold   . . .        a - +0 buckler
rNeg    . . .        (helmet restricted)
rPois   .            (no amulet)
rElec   .            (no ring)
rCorr   .            (no ring)
SInv    .            (no ring)
Will    .....        (no ring)
Stlth   +++          (no ring)
HPRegen 0.28/turn    (no ring)
MPRegen 0.10/turn    (no ring)
                     (no ring)

%: no passive effects
@: no status effects
A: almost no armour, amphibious, 8 rings, camouflage 1, gelatinous body 1,
(nimble swimmer 1), tentacles
a: no special abilities


You were on level 5 of the Dungeon.
You visited 1 branch of the dungeon, and saw 5 of its levels.

You collected 204 gold pieces.

Inventory:

Missiles
 d - 5 boomerangs
 e - 8 poisoned darts
 g - 3 javelins (quivered)
Armour
 a - a +0 buckler (worn)
Wands
 o - a wand of roots (7)
 p - a wand of mindburst (11)
Scrolls
 c - 2 scrolls of enchant weapon
 j - 2 scrolls of identify
 k - a scroll of silence
 m - a scroll of teleportation
Potions
 b - 4 potions of might
 f - a potion of haste
 h - 2 potions of attraction
 i - 2 potions of cancellation
 l - a potion of mutation
 n - a potion of lignification


   Skills:
 + Level 4.1 Fighting
 + Level 2.1 Throwing
 + Level 4.1 Dodging
 + Level 3.7 Stealth
 + Level 4.1 Shields
 * Level 4.5 Unarmed Combat


You had 6 spell levels left.
You didn't know any spells.
Your spell library contained the following spells:

 Spells                   Type           Power      Damage    Failure   Level
 Shock                    Conj/Air       0%         1d3       41%         1
 Slow                     Hex            0%         N/A       41%         1
 Confusing Touch          Hex            0%         N/A       80%         3
 Sigil of Binding         Hex            0%         N/A       80%         3
 Swiftness                Air            0%         N/A       80%         3
 Vampiric Draining        Necr           0%         2d6       80%         3
 Airstrike                Air            0%         2d(0-16)  99%         4
 Anguish                  Hex/Necr       0%         N/A       99%         4
 Cause Fear               Hex            0%         N/A       99%         4
 Enfeeble                 Hex            0%         N/A       100%        7


Dungeon Overview and Level Annotations

Branches:
Dungeon (5/15)
 Temple: D:4-7

Altars:
Okawaru

Annotations:
D:3 1 runed translucent door, Crazy Yiuf


Innate Abilities, Weirdness & Mutations

You cannot wear most types of armour.
You are amphibious.
You can wear up to eight rings at the same time.
Your skin changes colour to match your surroundings (Stealth+).
Your rubbery body absorbs attacks. (AC +1, EV +1)
((You are camouflaged when in or above water. (Stealth+)))
You have tentacles for arms and can constrict up to eight enemies at once.


Message History

You barely miss the orc. You grab the orc. You constrict the orc.
The orc hits you with a +0 dagger.
You tentacle-slap the orc.
You kill the orc!
The orc wizard casts a spell at you. You block the puff of flame.
You block the hound's attack.
The orc wizard hits you with a +2 dagger of freezing.
The orc wizard freezes you.
You barely miss the orc wizard. Your grab misses the orc wizard.
Your squeeze misses the orc wizard. The hound bites you. x2
The orc wizard closely misses you.
You closely miss the orc wizard. Your grab misses the orc wizard.
The hound misses you.
You tentacle-slap the orc wizard but do no damage.
You grab the orc wizard. You tentacle-slap the orc wizard.
You squeeze the orc wizard, but do no damage.
The orc wizard is moderately wounded.
You constrict the orc wizard.
An orc comes into view. It is wielding a +0 club.
The orc wizard hits you with a +2 dagger of freezing.
The orc wizard freezes you. The hound barely misses you.
You closely miss the hound.
The orc shouts!
Your grab misses the hound. You constrict the orc wizard. The hound bites you.
The orc wizard hits you with a +2 dagger of freezing.
The orc wizard freezes you.
* * * LOW HITPOINT WARNING * * *
The hound bites you.
* * * LOW HITPOINT WARNING * * *
You tentacle-slap the orc wizard but do no damage.
The orc wizard is heavily wounded.
You constrict the orc wizard. The orc wizard closely misses you.
The hound closely misses you.
You miss the hound. Your grab misses the hound. You squeeze the hound.
The hound is moderately wounded.
You constrict the orc wizard. The hound bites you.
* * * LOW HITPOINT WARNING * * *
The orc wizard hits you with a +2 dagger of freezing.
You die...

.# ...#....# ..
.### ##.####.# ..
...# .# #.# .#
.....#
#.###+#.###
...#.#
#)#.......# ####
# #.).......#
###)......#
#.......# #+####
#@))....#
#.....##oh.....#
#
..o..........=...
o................
..........o((.(..
.......[##.......
...!....# .......
...##.### ....###
... .. ......


You could see a hound, an orc wizard and an orc.

Vanquished Creatures
  An ogre (D:5)
  2 orc priests (D:3)
  A jelly (D:4)
  2 hounds
  2 iguanas
  Ijyb (D:5)
  2 orc wizards
  6 adders
  3 dart slugs
  7 ribbon worms
  13 orcs
  9 ball pythons
  6 endoplasms
  4 giant cockroaches
  7 goblins
  10 hobgoblins
  3 jackals (D:4)
  A quokka (D:2)
  6 bats
  5 frilled lizards
  6 kobolds
  6 rats
103 creatures vanquished.

Notes
Turn   | Place    | Note
-------+----------+-------------------------------------------
     0 | D:1      | MollyMolluskus the Octopode Fighter began the quest for the
                  | Orb.
     0 | D:1      | Reached XP level 1. HP: 16/16 MP: 1/1
   119 | D:1      | Reached XP level 2. HP: 21/21 MP: 2/2
   207 | D:1      | Reached skill level 1 in Stealth
   587 | D:2      | Reached XP level 3. HP: 22/26 MP: 3/3
   850 | D:2      | Found a faded altar of an unknown god.
   979 | D:2      | Reached XP level 4. HP: 27/31 MP: 4/4
  1424 | D:3      | Found a runed translucent door.
  1425 | D:3      | Noticed Crazy Yiuf
  1474 | D:3      | Reached XP level 5. HP: 36/36 MP: 5/5
  1600 | D:3      | Found an iron altar of Okawaru.
  1912 | D:3      | Reached skill level 1 in Throwing
  2143 | D:3      | Reached XP level 6. HP: 39/43 MP: 6/6
  3553 | D:5      | Entered Level 5 of the Dungeon
  3619 | D:5      | Noticed Ijyb
  3630 | D:5      | Killed Ijyb
  3693 | D:5      | Reached XP level 7. HP: 44/48 MP: 7/7
  3812 | D:5      | Slain by an orc wizard

Illustrated notes

Levels and vault maps discovered:
D:1:      nzn_arrival_crosshair, layout_rooms
D:2:      layout_rooms, shapermc_ecumenical_altar_pompeii, grunt_ministairs_7,
          minmay_misc_feat_enclosed, minmay_bisected
D:3:      layout_basic, general_overflow_altar, patterned_corridor,
          uniq_crazy_yiuf_cottage
D:4:      layout_loops_corners, eino_curves_02
D:5:      layout_basic, due_unseen_surprise, uniq_ijyb

Skill      XL: |  1  2  3  4  5  6  7 |
---------------+----------------------+-----
Stealth        | 1 2 3 |  3.7
Unarmed Combat | 3 4 |  4.5
Throwing       | 1 2 |  2.1
Fighting       | 4 |  4.1
Dodging        | 4 |  4.1
Shields        | 4 |  4.1

Action                     |  1- 3 |  4- 6 |  7- 9 || total
---------------------------+-------+-------+-------++-------
  Melee: Unarmed           |    78 |   156 |    22 ||   256
         Constrict         |    23 |    41 |     5 ||    69
         Tentacles         |    18 |    32 |     6 ||    56
         Punch             |     3 |     6 |     2 ||    11
  Throw: Boomerang         |       |     1 |       ||     1
         Javelin           |       |     1 |     4 ||     5
    Use: Scroll            |     7 |     4 |       ||    11
         Potion            |       |     1 |       ||     1
   Stab: Sleeping          |     6 |    15 |       ||    21
 Armour: Skin              |    28 |    57 |    11 ||    96
  Dodge: Dodged            |    39 |    79 |    13 ||   131
  Block: Buckler           |    13 |    22 |     5 ||    40
